 Dungeon Crawl Stone Soup version 0.31.0-11-ge490571c62 (webtiles) character file.

Game seed: 14902556541948298647

4034 sanka the Grappler (level 10, -4/100 HPs)
             Began as a Troll Monk on Jan 26, 2024.
             Was a Priest of Okawaru.
             Slain by a killer bee (7 damage)
             ... on level 9 of the Dungeon.
             The game lasted 00:09:19 (6744 turns).

sanka the Grappler (Troll Monk)                     Turns: 6744, Time: 00:09:20

Health: -4/100     AC:  5    Str: 21    XL:     10   Next: 4%
Magic:  9/11       EV: 13    Int:  6    God:    Okawaru [***...]
Gold:   632        SH:  0    Dex: 16    Spells: 9/9 levels left

rFire   . .          .
                       - Unarmed
rCold   + + .        c - orb {light}
rNeg    . . .        r - +0 troll leather armour {Pargi}
rPois   .            (helmet currently unavailable)
rElec   .            (cloak currently unavailable)
rCorr   .            (gloves unavailable)
SInv    .            (boots unavailable)
Will    .....        (no amulet)
Stlth   +            q - ring of protection from cold
HPRegen 1.96/turn    m - ring of protection from cold
MPRegen 0.12/turn

%: no passive effects
@: lethally poisoned (-4 -> -4), beast-form, heroic, glowing
A: beast (slay +3), large, unfitting armour, claws 3, regeneration 1, shaggy fur
1, tough skin 1
a: Begin Untransformation, Renounce Religion, Heroism


You were on level 9 of the Dungeon.
You worshipped Okawaru.
Okawaru was most pleased with you.
You were a hulking beast.
You visited 2 branches of the dungeon, and saw 10 of its levels.
You also visited: Sewer.

You collected 632 gold pieces.


Innate Abilities, Weirdness & Mutations

You are a hulking beast.
Your limbs bulge with bestial killing power. (Slay +3)
You are too large for most types of armour.
You have claws for hands.
Your natural rate of healing is unusually fast.
You are covered in fur. (AC +1)
You have tough skin. (AC +1)


   Skills:
 + Level 6.7(11.7) Fighting
 - Level 2.4(7.4) Dodging
 - Level 10.0(15.0) Unarmed Combat
 + Level 3.5 Invocations
 + Level 6.3 Shapeshifting


You had 9 spell levels left.
You didn't know any spells.
Your spell library contained the following spells:

 Spells                   Type           Power      Damage    Failure   Level
 Sublimation of Blood     Necr           0%         N/A       65%         2
 Passage of Golubria      Tloc           0%         N/A       99%         4
 Lee's Rapid Deconstruct  Erth           0%         3d4*      100%        5
 Yara's Violent Unravell  Hex/Alch       0%         3d3       100%        5
 Call Imp                 Summ           Unusable   N/A       N/A         2
 Tukima's Dance           Hex            Unusable   N/A       N/A         3
 Animate Armour           Summ/Erth      Unusable   N/A       N/A         4
 Summon Lightning Spire   Summ/Air       Unusable   N/A       N/A         4
 Summon Hydra             Summ           Unusable   N/A       N/A         7

Inventory:

Hand Weapons
 L - a +2 demon whip of electrocution
Missiles
 h - 5 large rocks {=f}
Armour
 c - an orb of light (worn)
 r - a +0 troll leather armour (worn) {Pargi}
 G - a +0 cloak
 K - a +0 kite shield of reflection
Magical Staves
 l - a staff of conjuration {!a}
Jewellery
 m - a ring of protection from cold (right claw)
 q - a ring of protection from cold (left claw)
Talismans
 g - a beast talisman (active)
Wands
 H - a wand of digging (3)
 J - a wand of flame (18)
Scrolls
 a - 2 scrolls of fear
 d - 5 scrolls of teleportation {@r4}
 e - a scroll of enchant weapon
 j - 2 scrolls of fog
 p - 3 scrolls of noise {!r}
 x - 2 scrolls of poison {!r}
 y - a scroll of enchant armour {unknown}
 z - a scroll of amnesia {unknown}
 A - a scroll of immolation {!r}
 C - a scroll of revelation {unknown}
 I - a scroll of vulnerability {!r}
Potions
 b - a potion of ambrosia
 f - a potion of attraction {unknown}
 k - 9 potions of curing {unknown}
 n - a potion of resistance {unknown}
 o - 6 potions of heal wounds {unknown}
 s - 2 potions of invisibility {unknown}
 t - a potion of magic {unknown}
 u - 5 potions of haste {unknown}
 v - 4 potions of brilliance {unknown}
 B - a potion of enlightenment {unknown}
 D - a potion of cancellation {unknown}
 E - a potion of lignification {unknown}
 F - a potion of might {unknown}

Dungeon Overview and Level Annotations

Branches:
Dungeon (9/15)             Temple (1/1) D:7           Sewer (visited)
   Lair: D:8-11         Orc: D:9-12

Altars:
Ashenzari
Cheibriados
Elyvilon
Fedhas
Gozag
Hepliaklqana
Kikubaaqudgha
Makhleb
Nemelex Xobeh
Okawaru
Qazlal
Ru
Trog
Uskayaw
Vehumet
Xom
Yredelemnul
Zin
The Shining One

Shops:
D:1 (

Annotations:
D:9 2 transporters

...^.▒▒...▒.▒▒▒▒▒▒
. ▒▒.▒......▒▒▒▒▒▒
▒.▒......▒†..y▒
▒▒▒.▒▒.....▒▒†yyy▒
..▒▒▒.....+▒▒yyyy▒
............▒yyyy▒
............▒yyyy▒
....▒▒......▒▒▒▒y▒
...▒▒▒.........yh▒
..+..▒..........▒▒
..▒▒.+..........▒
▒▒▒ ▒▒..........▒
▒▒▒▒▒▒▒▒▒▒▒▒


You could see 15 killer bees.


Message History

Use which ability? (? or * to list)
You gain the combat prowess of a mighty hero.
You feel sick. The killer bee barely misses you. The killer bee stings you.
* * * LOW HITPOINT WARNING * * *
The killer bee stings you.
* * * LOW HITPOINT WARNING * * *
The killer bee stings you but does no damage.
The killer bee stings you!
* * * LOW HITPOINT WARNING * * *
Unknown command.
You scratch the killer bee.
The killer bee is lightly wounded.
You feel sick. The killer bee completely misses you.
The killer bee stings you but does no damage.
The killer bee barely misses you. The killer bee stings you.
* * * LOW HITPOINT WARNING * * *
You mangle the killer bee!!
The killer bee is almost dead.
You feel sick. The killer bee stings you.
* * * LOW HITPOINT WARNING * * *
The killer bee stings you.
* * * LOW HITPOINT WARNING * * *
The killer bee stings you but does no damage.
The killer bee stings you!
You die...

Action                     |  1- 3 |  4- 6 |  7- 9 | 10-12 || total
---------------------------+-------+-------+-------+-------++-------
  Melee: Unarmed           |    69 |    90 |   238 |     2 ||   399
 Invoke: Heroism           |       |       |       |     1 ||     1
    Use: Scroll            |       |       |     9 |       ||     9
 Armour: Robe              |    26 |    29 |       |       ||    55
         Troll leather arm |       |     1 |   170 |    10 ||   181
  Dodge: Dodged            |    32 |    41 |   126 |     3 ||   202
   Form: Beast             |       |       |     1 |       ||     1

Levels and vault maps discovered:
D:1:      reono_arrival_forest_river, layout_loops_ring, serial_shops,
          nicolae_shop_gibbet_a_chance, nrook_loot_triangle
D:2:      layout_loops_corners, basic_ecumenical_altar, minmay_pentomino_r2,
          uniq_natasha
D:3:      layout_loops_corners, amcnicky_altar_gilded, grunt_decor_one_mirror,
          nicolae_concentric_dashed_squares_mild, kennysheep_generic_room_6
D:4:      wad_lake_hut, layout_basic, gup_sewer_entry_bubbles, uniq_robin
D:5:      layout_basic, kennysheep_generic_room_15
D:6:      layout_loops_ring, uniq_duvessa, uniq_crazy_yiuf_cottage
D:7:      layout_gridville, mainiacjoe_overflow_24_doors,
          minmay_temple_entry_trees
D:8:      layout_loops_ring, uniq_jeremiah
D:9:      layout_roguey, nicolae_dithmenos_shadow_blocks, special_room
          [special_room_bee], gammafunk_ghost_abyssal_escape,
          dk_rats_in_the_wall
Temple:   hellmonk_temple_divided_pantheon

Notes
Turn   | Place    | Note
-------+----------+-------------------------------------------
     0 | D:1      | sanka the Troll Monk began the quest for the Orb.
     0 | D:1      | Reached XP level 1. HP: 22/22 MP: 0/0
     5 | D:1      | Found Goumpuzuu's Antique Weapon Shoppe.
   121 | D:1      | Reached XP level 2. HP: 29/29 MP: 1/1
   376 | D:1      | Reached skill level 3 in Fighting
   378 | D:1      | Reached XP level 3. HP: 36/37 MP: 2/2
   765 | D:2      | Reached skill level 4 in Unarmed Combat
   785 | D:2      | Found a faded altar of an unknown god.
  1084 | D:2      | Noticed Natasha
  1089 | D:2      | Killed Natasha
  1090 | D:2      | Reached XP level 4. HP: 45/45 MP: 3/3
  1137 | D:2      | Noticed Natasha
  1142 | D:2      | Killed Natasha
  1143 | D:2      | Reached skill level 5 in Unarmed Combat
  1248 | D:2      | Noticed Natasha
  1253 | D:2      | Killed Natasha
  1307 | D:2      | Noticed an ogre
  1313 | D:2      | Killed an ogre
  1314 | D:2      | Reached skill level 6 in Unarmed Combat
  1314 | D:2      | Reached XP level 5. HP: 37/53 MP: 4/4
  1807 | D:3      | Found an ancient bone altar of Kikubaaqudgha.
  2199 | D:3      | Reached XP level 6. HP: 61/61 MP: 5/5
  2476 | D:4      | Found a glowing drain.
  2485 | Sewer    | Entered a sewer
  2560 | Sewer    | Reached skill level 7 in Unarmed Combat
  2566 | Sewer    | Noticed Pargi
  2570 | Sewer    | Killed Pargi
  2629 | Sewer    | Reached XP level 7. HP: 67/67 MP: 6/6
  2870 | D:4      | Noticed Robin
  2885 | D:4      | Killed Robin
  3274 | D:4      | Reached skill level 8 in Unarmed Combat
  3289 | D:4      | Identified the +3 leather armour of the Taurataur {Str+3}
  3621 | D:5      | Entered Level 5 of the Dungeon
  3621 | D:5      | Noticed a yak
  3625 | D:5      | Noticed a yak
  3626 | D:5      | Killed a yak
  3628 | D:5      | Noticed a yak
  3631 | D:5      | Killed a yak
  3631 | D:5      | Noticed a yak
  3632 | D:5      | Reached skill level 9 in Unarmed Combat
  3656 | D:5      | Killed a yak
  3657 | D:5      | Reached XP level 8. HP: 44/75 MP: 7/7
  3659 | D:5      | Reached skill level 10 in Unarmed Combat
  3659 | D:5      | Reached skill level 1 in Shapeshifting
  3764 | D:5      | Reached skill level 2 in Shapeshifting
  3999 | D:5      | Reached skill level 4 in Fighting
  4211 | D:6      | Noticed Dowan
  4211 | D:6      | Noticed Duvessa
  4225 | D:6      | Killed Duvessa
  4226 | D:6      | Reached skill level 3 in Shapeshifting
  4235 | D:6      | Killed Dowan
  4524 | D:6      | Found a runed translucent door.
  4525 | D:6      | Noticed Crazy Yiuf
  4648 | D:6      | Reached skill level 4 in Shapeshifting
  4691 | D:6      | Reached XP level 9. HP: 69/87 MP: 8/8
  4723 | D:6      | Reached skill level 5 in Fighting
  5016 | D:6      | Killed Crazy Yiuf
  5144 | D:7      | Found a radiant altar of Vehumet.
  5281 | D:7      | Found a staircase to the Ecumenical Temple.
  5452 | D:7      | Reached skill level 5 in Shapeshifting
  5700 | Temple   | Found a transporter.
  5700 | Temple   | Found a transporter.
  5700 | Temple   | Found a transporter.
  5700 | Temple   | Found a transporter.
  5700 | Temple   | Entered the Ecumenical Temple
  5718 | Temple   | Became a worshipper of Warmaster Okawaru
  5718 | Temple   | Reached * piety under Okawaru
  5718 | Temple   | Reached ** piety under Okawaru
  6006 | D:8      | Reached skill level 1 in Invocations
  6115 | D:8      | Reached skill level 6 in Fighting
  6120 | D:8      | Reached skill level 2 in Invocations
  6402 | D:8      | Noticed Jeremiah
  6429 | D:8      | Killed Jeremiah
  6430 | D:8      | Reached skill level 3 in Invocations
  6430 | D:8      | Reached skill level 6 in Shapeshifting
  6633 | D:9      | Found a transporter.
  6639 | D:9      | Noticed a rakshasa
  6639 | D:9      | Noticed a toenail golem
  6640 | D:9      | Noticed a toenail golem
  6669 | D:9      | Found a transporter.
  6730 | D:9      | Noticed a queen bee
  6741 | D:9      | Killed a queen bee
  6741 | D:9      | Reached *** piety under Okawaru
  6742 | D:9      | Reached XP level 10. HP: 37/100 MP: 11/11
  6743 | D:9      | HP: 9/100 [killer bee (6)]
  6744 | D:9      | HP: 3/100 [killer bee (2)]
  6744 | D:9      | Slain by a killer bee

Vanquished Creatures
  Jeremiah (D:8)
  A queen bee (D:9)
  7 yaks
  A steam dragon (D:8)
  Duvessa (D:6)
  Pargi (Sewer)
  3 black bears
  3 ogres
  2 kobold brigands
  2 brain worms (Sewer)
  A scorpion (D:6)
  4 bullfrogs
  2 gnoll sergeants
  Dowan (D:6)
  5 killer bees
  4 hounds
  2 orc priests
  Crazy Yiuf (D:6)
  2 iguanas
  2 sleepcaps
  Natasha (thrice) (D:2)
  An orc wizard (D:8)
  Robin (D:4)
  7 adders
  12 gnolls
  A river rat (D:4)
  A shadow imp (D:7)
  A white imp (D:6)
  3 dart slugs
  2 ribbon worms (D:4)
  10 orcs
  12 endoplasms
  7 giant cockroaches
  4 hobgoblins
  15 kobolds
  5 quokkas
  7 ball pythons
  7 bats
  12 frilled lizards
  13 goblins
  5 rats (D:1)
175 creatures vanquished.
